 Dungeon Crawl Stone Soup version 0.27.0-1-g7a089689b8 (webtiles) character file.

Game seed: 17348923192629000797

215 gimp the Chopper (level 5, -4/47 HPs)
             Began as a Minotaur Berserker on Aug 1, 2021.
             Was a Believer of Trog.
             Slain by Theophrastus's ghost (10 damage)
             ... on level 3 of the Dungeon.
             The game lasted 00:03:32 (2078 turns).

gimp the Chopper (Minotaur Berserker)               Turns: 2078, Time: 00:03:33

Health: -4/47      AC:  5    Str: 22    XL:     5   Next: 60%
Magic:  4/4        EV: 11    Int:  4    God:    Trog [**....]
Gold:   153        SH:  0    Dex: 10    Spells: 4/4 levels left

rFire    . . .     SeeInvis .   a - +0 hand axe
rCold    . . .     Faith    .   (no shield)
rNeg     . . .     Spirit   .   h - +0 ring mail
rPois    .         Reflect  .   (helmet restricted)
rElec    .         Harm     .   (no cloak)
rCorr    .         Rampage  .   (no gloves)
Will     ++...                  (no boots)
Stlth    ..........             (no amulet)
HPRegen  1.15/turn              (no ring)
MPRegen  0.09/turn              (no ring)

@: strong-willed, on berserk cooldown, regenerating, slowed, very slow
A: horns 2, retaliatory headbutt
a: Renounce Religion, Berserk, Trog's Hand


You were on level 3 of the Dungeon.
You worshipped Trog.
Trog was pleased with you.
You visited 1 branch of the dungeon, and saw 3 of its levels.

You collected 153 gold pieces.

Inventory:

Hand Weapons
 a - a +0 hand axe (weapon)
Missiles
 j - 6 poisoned darts (quivered)
Armour
 h - a +0 ring mail (worn)
Scrolls
 c - a scroll of holy word {unknown}
 e - 3 scrolls of identify {unknown}
 i - 2 scrolls of blinking {unknown}
Potions
 b - 2 potions of brilliance {unknown}
 d - a potion of cancellation {unknown}
 f - 4 potions of curing {unknown}
 g - a potion of lignification {unknown}


   Skills:
 + Level 4.9 Fighting
 * Level 6.0 Axes
 + Level 4.1 Armour
 - Level 2.1 Dodging


You had 4 spell levels left.
You didn't know any spells.
Your spell library was empty.

Dungeon Overview and Level Annotations

Branches:
Dungeon (3/15)

Altars:
Vehumet

Annotations:
D:3 Theophrastus's ghost, amateur FoFi


Innate Abilities, Weirdness & Mutations

You have a pair of horns on your head.
You reflexively headbutt those who attack you in melee.


Message History

You regained 2 hp, and now have 18/47 hp.
The kobold hits you but does no damage.
You regained 2 hp, and now have 20/47 hp.
You feel the effects of Trog's Hand fading.
The kobold barely misses you. The kobold hits you with a +0 whip.
You take 3 damage, and have 17/47 hp.
The kobold misses you.
You regained 2 hp, and now have 19/47 hp.
The kobold hits you but does no damage. The kobold barely misses you.
You regained 2 hp, and now have 21/47 hp.
The kobold closely misses you. You furiously retaliate!
You headbutt the kobold.
You kill the kobold!
Trog accepts your kill.
You barely miss Theophrastus's ghost. You headbutt Theophrastus's ghost!
Theophrastus's ghost is moderately damaged.
Your skin stops crawling.
You feel less strong-willed.
Theophrastus's ghost closely misses you.
Theophrastus's ghost barely misses you.
Your skin crawls.
You feel strong-willed. Theophrastus's ghost barely misses you.
You furiously retaliate!
You headbutt Theophrastus's ghost, but do no damage.
You barely miss Theophrastus's ghost. You headbutt Theophrastus's ghost!
Theophrastus's ghost is severely damaged.
Theophrastus's ghost hits you. Theophrastus's ghost hits you!
* * * LOW HITPOINT WARNING * * *
You take 14 damage, and have 10/47 hp.
MASSIVE DAMAGE!!
Okay, then.
Okay, then.
You hit Theophrastus's ghost but do no damage.
You headbutt Theophrastus's ghost.
Theophrastus's ghost is severely damaged.
Theophrastus's ghost hits you!
* * * LOW HITPOINT WARNING * * *
You take 6 damage, and have 4/47 hp.
You hit Theophrastus's ghost. You headbutt Theophrastus's ghost.
Theophrastus's ghost is almost destroyed.
Theophrastus's ghost hits you!
You die...

######## #......#
#.8.8..# ##.._....
#........ #......#.
#### #........ #
###@.# #.####.##
##.♣.##W# #......##
#.....#K# #.####.##
#..###.KK## #.# #.##
#?.....'..# #.# #.##
$.###.'..# #.# #.##
#.K...#..# #.####.##
##K♣.##..######......#
# ###..........####.##


You could see Theophrastus's ghost and 3 kobolds.

Vanquished Creatures
  A kobold brigand (D:3)
  Terence (D:2)
  3 adders
  2 worms (D:2)
  3 dart slugs
  6 ball pythons
  8 endoplasms
  4 giant cockroaches (D:1)
  5 hobgoblins
  12 jackals
  15 kobolds
  3 quokkas
  5 bats
  3 frilled lizards
  3 goblins
  2 rats
76 creatures vanquished.

Vanquished Creatures (others)
  3 fungi (D:3)
  A plant (D:3)
4 creatures vanquished.

Grand Total: 80 creatures vanquished

Notes
Turn   | Place    | Note
-------+----------+-------------------------------------------
     0 | D:1      | gimp the Minotaur Berserker began the quest for the Orb.
     0 | D:1      | Reached XP level 1. HP: 19/19 MP: 0/0
    36 | D:1      | Reached skill level 4 in Axes
    38 | D:1      | Reached XP level 2. HP: 18/27 MP: 1/1
   525 | D:1      | Reached XP level 3. HP: 31/33 MP: 2/2
   610 | D:1      | Reached ** piety under Trog
   891 | D:2      | Noticed Terence
   892 | D:2      | Found a radiant altar of Vehumet.
   899 | D:2      | Killed Terence
   900 | D:2      | Reached skill level 5 in Axes
   900 | D:2      | Reached XP level 4. HP: 40/40 MP: 3/3
  1957 | D:3      | Found a faded altar of an unknown god.
  2023 | D:3      | Reached XP level 5. HP: 47/47 MP: 4/4
  2032 | D:3      | Found a runed translucent gate.
  2032 | D:3      | Noticed Theophrastus's ghost (amateur FoFi)
  2033 | D:3      | Found a runed translucent gate.
  2033 | D:3      | Found a runed translucent gate.
  2057 | D:3      | Reached skill level 6 in Axes
  2065 | D:3      | Reached *** piety under Trog
  2078 | D:3      | Slain by Theophrastus's ghost

Illustrated notes

Levels and vault maps discovered:
D:1:      ncdulo_wetmaze, layout_rooms
D:2:      layout_rooms, basic_altar, uniq_terence
D:3:      layout_loops_ring, gammafunk_ghost_nasty_kobolds,
          dreamdust_ecumenical_altar_statues, grunt_decor_clamped,
          supply_closet_lemuel, st_stairs_6, minmay_misc_feat_square,
          minmay_misc_feat_rows

Skill      XL: |  1  2  3  4  5 |
---------------+----------------+-----
Axes           | 4 5 6 |  6.0
Fighting       | 4 |  4.9
Armour         | 3 4 |  4.1
Dodging        | |  2.1

Action                   |  1- 3 |  4- 6 || total
-------------------------+-------+-------++-------
Melee: Hand axe          |    61 |    92 ||   153
       Headbutt          |     7 |    15 ||    22
Invok: Berserk           |     3 |     2 ||     5
       Trog's Hand       |       |     2 ||     2
Armor: Animal skin       |    12 |       ||    12
       Ring mail         |       |    27 ||    27
Dodge: Dodged            |    45 |    59 ||   104
